 Dungeon Crawl Stone Soup version 0.23-a0-458-g93a6ea9 (webtiles) character file.

1159 Jawreze the Slinger (level 8, -6/53 (54) HPs)
             Began as a Halfling Hunter on Nov 23, 2018.
             Splashed by Ijyb's acid (13 damage)
             ... on level 5 of the Dungeon on Nov 25, 2018.
             The game lasted 00:16:16 (7904 turns).

Jawreze the Slinger (Halfling Hunter)               Turns: 7904, Time: 00:16:17

HP:   -6/53 (54)    AC:  1    Str: 13    XL:     8   Next: 66%
MP:   8/8           EV: 17    Int: 11    God:
Gold: 276           SH:  0    Dex: 15    Spells: 7/7 levels left

rFire    . . .     SeeInvis .   a - +1 hunting sling
rCold    . . .     Gourm    .   (shield restricted)
rNeg     . . .     Faith    .   c - +0 leather armour
rPois    .         Spirit   .   (no helmet)
rElec    .         Reflect  .   u - +0 cloak
rCorr    .         Harm     .   (no gloves)
MR       .....                  m - +0 pair of boots
Stlth    ++........             (no amulet)
HPRegen  0.17/turn              (no ring)
MPRegen  0.11/turn              (no ring)

@: corroded
A: small, mutation resistance 1
a: no special abilities


You were on level 5 of the Dungeon.
You were not hungry.

You visited 1 branch of the dungeon, and saw 5 of its levels.

You collected 276 gold pieces.

Inventory:

Hand Weapons
 a - a +1 hunting sling (weapon)
 b - a +0 short sword
 w - a +3 dagger
 D - a +0 dagger
Missiles
 d - 17 sling bullets (quivered)
 h - 14 stones
 F - 7 needles of confusion
Armour
 c - a +0 leather armour (worn)
 m - a +0 pair of boots (worn)
 u - a +0 cloak (worn)
Jewellery
 j - an uncursed amulet of the acrobat {unknown}
 p - a cursed ring of teleportation {unknown}
 x - an uncursed amulet of rage {unknown}
 z - a cursed -2 ring of protection {unknown}
Wands
 g - a wand of flame (26)
 I - a wand of polymorph (10)
Scrolls
 e - 3 scrolls of identify
 k - 2 scrolls of magic mapping
 l - 2 scrolls of teleportation {unknown}
 n - 2 scrolls of remove curse {unknown}
 o - 5 scrolls of enchant armour {unknown}
 s - 3 scrolls of immolation {unknown}
 v - a scroll of fog {unknown}
 y - 2 scrolls of enchant weapon {unknown}
 B - 3 scrolls of amnesia {unknown}
 C - 2 scrolls of noise {unknown}
Potions
 i - 3 potions of might
 q - a potion of magic {unknown}
 r - a potion of ambrosia {unknown}
 t - 2 potions of brilliance {unknown}
 A - 3 potions of flight {unknown}
 E - 2 potions of invisibility {unknown}
 G - a potion of haste {unknown}
 H - a potion of curing {unknown}
Comestibles
 f - 13 rations
 J - 7 chunks of flesh


   Skills:
 - Level 4.0 Fighting
 * Level 5.1 Short Blades
 + Level 10.3 Slings
 + Level 5.5 Dodging
 - Level 1.1 Stealth


You had 7 spell levels left.
You didn't know any spells.
Your spell library was empty.

Dungeon Overview and Level Annotations

Branches:
Dungeon (5/15)
 Temple: D:4-7

Altars:
Ashenzari
Kikubaaqudgha
Makhleb
Wu Jian
Zin

Annotations:
D:4 1 runed door
D:5 Ijyb


Innate Abilities, Weirdness & Mutations

You are small and have problems with some larger weapons.
You are somewhat resistant to further mutation.


Message History

d - 14 sling bullets (gained 1)
d - 16 sling bullets (gained 2)
d - 17 sling bullets (gained 1)
You see here a runed war axe.
B - 3 scrolls labeled VEJIFR ANENE (gained 1)
You now have 267 gold pieces (gained 10).
Found an escape hatch in the ceiling.
There is an escape hatch in the ceiling here.
You now have 276 gold pieces (gained 9).
Ijyb the Twisted Goblin comes into view.
She is wielding a +0 club and carrying Ijyb zaps a wand.
The bolt of acid misses you.
Ijyb is nearby!
Wield which item (- for none, * to show all)? (? for menu, Esc to quit)
a - a +1 hunting sling (weapon)
Ijyb zaps a wand.
The bolt of acid hits you!
You are splashed with acid!
The acid burns!
Ijyb zaps a wand.
The bolt of acid hits you!
* * * LOW HITPOINT WARNING * * *
The acid corrodes you!
You are splashed with acid!
The acid burns!
You die...

##########
.........#####
..........##.####
..........##....###
.......g..#.......###
.......#..#.........##
.....g###.@....<.....#
......
##.............# .....
##..........### #
..... #..##...#### #
#### ##.###### # #..##
# ##..# # ## ##.## #
..### #..## ##


You could see Ijyb.

Vanquished Creatures
  Menkaure (D:4)
  A necrophage (D:3)
  2 ogres
  A centaur (D:4)
  Blork the orc (D:4)
  A water moccasin zombie (D:5)
  A hound (D:5)
  An orc priest (D:3)
  4 orc wizards
  Terence (D:2)
  Natasha (twice) (D:2)
  A worker ant (D:3)
  5 gnolls
  14 adders
  3 worms (D:3)
  A dart slug (D:1)
  9 leopard geckos
  16 orcs
  10 giant cockroaches
  9 goblins
  8 hobgoblins
  2 jackals (D:5)
  A quokka (D:4)
  2 ball pythons
  11 bats
  3 frilled lizards
  4 kobolds
  10 rats
125 creatures vanquished.

Vanquished Creatures (others)
  A human (D:4)
1 creature vanquished.

Grand Total: 126 creatures vanquished

Notes
Turn   | Place    | Note
-------+----------+-------------------------------------------
     0 | D:1      | Jawreze the Halfling Hunter began the quest for the Orb.
     0 | D:1      | Reached XP level 1. HP: 14/14 MP: 1/1
    94 | D:1      | Reached skill level 6 in Slings
   120 | D:1      | Reached XP level 2. HP: 18/19 MP: 2/2
   404 | D:1      | Reached XP level 3. HP: 22/24 MP: 3/3
  1328 | D:2      | Reached XP level 4. HP: 30/30 MP: 4/4
  1332 | D:2      | Reached skill level 7 in Slings
  1748 | D:2      | Noticed Natasha
  1756 | D:2      | Killed Natasha
  1756 | D:2      | Reached XP level 5. HP: 35/35 MP: 5/5
  2014 | D:2      | Found a faded altar of an unknown god.
  2177 | D:2      | Noticed Natasha
  2189 | D:2      | Killed Natasha
  2189 | D:2      | Reached skill level 8 in Slings
  2339 | D:2      | Reached XP level 6. HP: 37/42 MP: 6/6
  2410 | D:2      | Noticed Terence
  2430 | D:2      | Killed Terence
  3156 | D:2      | Upgraded the game from 0.23-a0-451-g1044d4c to
                  | 0.23-a0-458-g93a6ea9
  3558 | D:3      | Found a shattered altar of Ashenzari.
  3746 | D:3      | Noticed a necrophage
  3787 | D:3      | Killed a necrophage
  3787 | D:3      | Reached skill level 9 in Slings
  3787 | D:3      | Reached XP level 7. HP: 37/45 MP: 7/7
  5103 | D:4      | Reached skill level 1 in Short Blades
  5232 | D:4      | Found a glowing silver altar of Zin.
  5719 | D:4      | Noticed Menkaure
  5746 | D:4      | Killed Menkaure
  5990 | D:4      | Reached XP level 8. HP: 13/53 MP: 8/8
  6284 | D:4      | Found an ancient bone altar of Kikubaaqudgha.
  6287 | D:4      | Noticed a human
  6288 | D:4      | Killed a human
  6420 | D:4      | Found a runed door.
  6734 | D:4      | Noticed Blork the orc
  6743 | D:4      | Killed Blork the orc
  6743 | D:4      | Reached skill level 5 in Dodging
  6819 | D:4      | Reached skill level 10 in Slings
  7069 | D:5      | Entered Level 5 of the Dungeon
  7124 | D:5      | Found an ornate altar of the Wu Jian Council.
  7680 | D:5      | Found a burning altar of Makhleb.
  7840 | D:5      | Reached skill level 5 in Short Blades
  7900 | D:5      | Noticed Ijyb
  7904 | D:5      | Splashed by Ijyb's acid

Vault maps used:
D:1:      nzn_arrival_settlement
D:2:      chequers_ecumenical_altar_island, minmay_bisected, uniq_terence,
          uniq_natasha
D:3:      lemuel_round_altar, item_on_display_a
D:4:      lemuel_crystal_altar, first_ration, portal_sewer_entry_f,
          tgw_kikubaaqudgha, uniq_blork_the_orc, uniq_menkaure,
          uniq_crazy_yiuf_cottage
D:5:      lightli_temple_of_fire, old_standard_altar, uniq_ijyb

Skill      XL: |  1  2  3  4  5  6  7  8 |
---------------+-------------------------+-----
Slings         | 6 7 8 9 10 | 10.3
Fighting       | 2 3 4 |  4.0
Dodging        | 3 4 5 |  5.5
Short Blades   | 3 5 |  5.1
Stealth        | |  1.1

Action                   |  1- 3 |  4- 6 |  7- 9 || total
-------------------------+-------+-------+-------++-------
Melee: Short sword       |    68 |   146 |    96 ||   310
       Unarmed           |       |     4 |       ||     4
       Dagger            |       |       |   126 ||   126
 Fire: Hunting sling     |    20 |   135 |    90 ||   245
  Use: Scroll            |       |       |     2 ||     2
 Stab: Sleeping          |     1 |       |     1 ||     2
  Eat: Chunk             |     1 |     8 |    13 ||    22
Armor: Leather armour    |    26 |    49 |    48 ||   123
       Skin              |       |     4 |       ||     4
Dodge: Dodged            |    63 |   197 |   161 ||   421

Table legend:
 A = Non-vault XP
 B = Vault XP
 C = Vault XP percentage of total XP
 D = Non-vault monster count
 E = Vault monster count
 F = Vault count percentage of total count
                 A         B        C        D         E       F
            +---------+---------+-------+---------+---------+-------
      Total |    1266 |     391 |  23.6 |     111 |      14 |  11.2
            +---------+---------+-------+---------+---------+-------
        D:1 |      65 |       0 |   0.0 |      28 |       0 |   0.0
        D:2 |     204 |     102 |  33.3 |      26 |       6 |  18.8
        D:3 |     365 |       0 |   0.0 |      34 |       0 |   0.0
        D:4 |     325 |     289 |  47.1 |      12 |       8 |  40.0
        D:5 |     307 |       0 |   0.0 |      11 |       0 |   0.0
            +---------+---------+-------+---------+---------+-------
